 Dungeon Crawl Stone Soup version 0.29.1-15-g9cfb28693d (webtiles) character file.

Game seed: 8917660319813211730

14 Arctor the Firebug (level 2, 0/15 HPs)
             Began as a Gargoyle Fire Elementalist on Feb 24, 2023.
             Constricted to death by a ball python (1 damage)
             ... on level 1 of the Dungeon.
             The game lasted 00:00:47 (555 turns).

Arctor the Firebug (Gargoyle Fire Elementalist)      Turns: 555, Time: 00:00:48

Health: 0/15       AC:  4    Str: 11    XL:     2   Next: 45%
Magic:  3/5        EV:  9    Int: 15    God:
Gold:   0          SH:  0    Dex: 10    Spells: 4/5 levels left

rFire   . . .      SeeInvis .   (no weapon)
rCold   . . .      Faith    .   (no shield)
rNeg    + . .      Spirit   .   a - +0 robe
rPois   ∞          Reflect  .   (no helmet)
rElec   +          Harm     .   (no cloak)
rCorr   .          Rampage  .   (no gloves)
Will    .....                   (no boots)
Stlth   ++........              (no amulet)
HPRegen 0.05/turn               (no ring)
MPRegen 0.09/turn               (no ring)

@: constricted
A: sickness immunity, AC +2, negative energy resistance 1, electricity
resistance, torment resistance 1, petrification resistance
a: no special abilities


You were on level 1 of the Dungeon.
You visited 1 branch of the dungeon, and saw 1 of its levels.

Inventory:

Armour
 a - a +0 robe (worn)
Scrolls
 c - a scroll of noise {unknown}
 d - a scroll of vulnerability {unknown}
 e - a scroll of teleportation {unknown}
Potions
 b - 2 potions of magic
 f - a potion of attraction {unknown}


   Skills:
 + Level 1.8 Dodging
 + Level 2.5 Stealth
 + Level 2.1 Spellcasting
 + Level 1.4 Conjurations
 + Level 3.1 Fire Magic


You had 4 spell levels left.
You knew the following spells:

 Your Spells              Type           Power      Damage    Failure   Level
a - Foxfire               Conj/Fire      32%        2x1d5     9%          1

Your spell library contained the following spells:

 Spells                   Type           Power      Damage    Failure   Level
 Scorch                   Fire           22%        2d6       9%          2
 Conjure Flame            Conj/Fire      8%         6-21      26%         3
 Inner Flame              Hex/Fire       6%         N/A       34%         3
 Flame Wave               Conj/Fire      8%         2d5       63%         4


Dungeon Overview and Level Annotations

Branches:
Dungeon (1/15)

Altars:


Innate Abilities, Weirdness & Mutations

You are immune to sickness and miasma.
Your stone body is resilient. (AC +2)
You are immune to poison.
You resist negative energy. (rN+)
You are resistant to electric shocks. (rElec)
You are resistant to unholy torment.
You are immune to petrification.


Message History

Your foxfire dissipates!
You barely miss the ball python. The jackal barely misses you.
The jackal closely misses you. The ball python barely misses you.
The ball python grabs you. The ball python constricts you.
You hit the ball python but do no damage.
The jackal bites you but does no damage.
The ball python closely misses you. The ball python constricts you.
Casting: Foxfire (safe; 9% risk of failure)
Confirm with . or Enter, or press ? or * to list all spells.
You don't know that spell.
Sorry, you're not good enough to have a special ability.
Casting: Foxfire (safe; 9% risk of failure)
Confirm with . or Enter, or press ? or * to list all spells.
There is not enough space to conjure foxfire!
Unknown command.
You completely miss the ball python. The jackal barely misses you.
The ball python bites you. The ball python constricts you.
The jackal bites you.
You hit the ball python but do no damage.
The ball python bites you but does no damage.
The ball python constricts you.
The jackal bites you but does no damage.
You barely miss the ball python. The ball python closely misses you.
The ball python constricts you.
The jackal bites you but does no damage.
The ball python bites you. The ball python constricts you.
You closely miss the ball python.
The jackal bites you but does no damage. x2
The ball python barely misses you. The ball python constricts you.
You hit the ball python.
The ball python is heavily wounded.
The jackal bites you. The ball python bites you.
* * * LOW HITPOINT WARNING * * *
The ball python constricts you.
You barely miss the ball python.
The ball python is heavily wounded.
The jackal bites you.
* * * LOW HITPOINT WARNING * * *
The ball python barely misses you. The ball python constricts you.
You die...

#######.#
#.......#
#.####..####
#..##.##
##......###
#..........
#.#.##.S....###
#.......##S##
###...†hhh@#
#####?#### #+#


You could see 3 jackals and a ball python.

Vanquished Creatures
  A ball python (D:1)
  A giant cockroach (D:1)
  A goblin (D:1)
  A hobgoblin (D:1)
  A jackal (D:1)
  9 frilled lizards (D:1)
  2 rats (D:1)
16 creatures vanquished.

Vanquished Creatures (others)
  20 foxfires (D:1)
  8 plants (D:1)
28 creatures vanquished.

Grand Total: 44 creatures vanquished

Notes
Turn   | Place    | Note
-------+----------+-------------------------------------------
     0 | D:1      | Arctor the Gargoyle Fire Elementalist began the quest for
                  | the Orb.
     0 | D:1      | Reached XP level 1. HP: 10/10 MP: 3/3
   210 | D:1      | Reached XP level 2. HP: 13/15 MP: 0/5
   555 | D:1      | Constricted to death by a ball python

Illustrated notes

Levels and vault maps discovered:
D:1:      reono_arrival_mine, layout_loops_corners,
          ebering_ecumenical_altar_abandoned, serial_shops, shop_fountains,
          supply_closet_lemuel, minmay_lizard_king

Action                   || total
-------------------------++-------
Melee: Unarmed           ||    34
       Punch             ||     1
 Cast: Foxfire           ||    17
 Stab: Sleeping          ||     1
Armor: Robe              ||    31
Dodge: Dodged            ||    57
